 Dungeon Crawl Stone Soup version 0.25.1-8-g42b30a86e7 (webtiles) character file.

Game seed: 6656949691414735034

125 Araneus the Insei (level 4, 0/35 HPs)
             Began as a Demonspawn Monk on Dec 2, 2020.
             Slain by a worm (6 damage)
             ... on level 3 of the Dungeon.
             The game lasted 00:07:13 (2727 turns).

Araneus the Insei (Demonspawn Monk)                 Turns: 2727, Time: 00:07:14

Health: 0/35       AC:  4    Str: 12    XL:     4   Next: 82%
Magic:  4/4        EV: 13    Int: 12    God:
Gold:   62         SH:  0    Dex: 15    Spells: 3/3 levels left

rFire    . . .     SeeInvis .     - Unarmed
rCold    + . .     Gourm    .   (no shield)
rNeg     . . .     Faith    .   a - +0 robe
rPois    .         Spirit   .   (no helmet)
rElec    .         Reflect  .   (no cloak)
rCorr    .         Harm     .   (no gloves)
MR       .....                  (no boots)
Stlth    ++........             (no amulet)
HPRegen  0.11/turn              (no ring)
MPRegen  0.09/turn              (no ring)

@: mighty
A: slimy green scales 1, cold resistance 1
a: no special abilities


You were on level 3 of the Dungeon.
You were not hungry.

You visited 1 branch of the dungeon, and saw 3 of its levels.

You collected 62 gold pieces.

Inventory:

Armour
 a - a +0 robe (worn)
Jewellery
 f - an uncursed amulet of regeneration {unknown}
Scrolls
 d - 3 scrolls of remove curse {unknown}
 g - 2 scrolls of identify {unknown}
 i - 2 scrolls of teleportation {unknown}
 k - a scroll of blinking {unknown}
Potions
 j - a potion of magic {unknown}
 l - a potion of ambrosia {unknown}
 m - a potion of lignification {unknown}
 n - a potion of invisibility {unknown}
Comestibles
 b - 4 rations
 h - 5 chunks of flesh


   Skills:
 - Level 3.0 Fighting
 - Level 2.6 Dodging
 - Level 1.7 Stealth
 + Level 5.1 Unarmed Combat


You had 3 spell levels left.
You didn't know any spells.
Your spell library was empty.

Dungeon Overview and Level Annotations

Branches:
Dungeon (3/15)

Altars:
Gozag

Annotations:
D:3 3 runed translucent doors, Clowwww's ghost, weakling DsGl


Innate Abilities, Weirdness & Mutations

You are partially covered in slimy green scales. (AC +2)
Your flesh is cold resistant. (rC+)


Message History

You hit the orc.
The orc is moderately wounded.
The orc barely misses you.
You hit the orc.
You kill the orc!
You punch the orc!
You kill the orc!
You closely miss the orc priest.
The orc priest invokes the aid of Beogh against you.
You barely resist. You punch the orc priest!
The orc priest is almost dead.
The orc priest hits you with a +0 dagger.
* * * LOW HITPOINT WARNING * * *
You hit the orc priest.
You kill the orc priest!
Your Unarmed Combat skill increases to level 5!
Items here: )))) = [ † You barely miss the worm.
The worm bites you.
You die...

#. # ##.# ... ###...
.....####### #.....
..:...w@)..########...#.
.....#####.............)
... ####..#.>...... .
##..........
####........##.
....)....##.###.
#####....##.# #.
####(...###.# #.
.......#.##..# #.


You could see a worm.

Vanquished Creatures
  An orc priest (D:3)
  2 adders (D:2)
  An ooze (D:2)
  2 worms
  A dart slug (D:1)
  2 leopard geckos
  4 orcs
  A ball python (D:1)
  6 giant cockroaches
  7 goblins
  5 hobgoblins
  5 jackals
  2 quokkas
  4 bats
  4 frilled lizards
  2 kobolds (D:1)
  7 rats
56 creatures vanquished.

Notes
Turn   | Place    | Note
-------+----------+-------------------------------------------
     0 | D:1      | Araneus the Demonspawn Monk began the quest for the Orb.
     0 | D:1      | Reached XP level 1. HP: 18/18 MP: 1/1
   116 | D:1      | Reached skill level 3 in Unarmed Combat
   486 | D:1      | You fall into a shaft and drop 1 floor!
   508 | D:1      | Gained mutation: You are partially covered in slimy green
                  | scales. (AC +2) [demonic ancestry]
   508 | D:1      | Reached XP level 2. HP: 4/24 MP: 2/2
  1351 | D:2      | Reached XP level 3. HP: 26/29 MP: 3/3
  1624 | D:2      | Reached skill level 4 in Unarmed Combat
  2140 | D:2      | Gained mutation: Your flesh is cold resistant. (rC+)
                  | [demonic ancestry]
  2140 | D:2      | Reached XP level 4. HP: 22/35 MP: 4/4
  2643 | D:3      | Found a runed translucent gate.
  2643 | D:3      | Found a runed translucent gate.
  2643 | D:3      | Found a runed translucent gate.
  2644 | D:3      | Found an opulent altar of Gozag.
  2645 | D:3      | Noticed a centaur
  2645 | D:3      | Noticed Clowwww's ghost (weakling DsGl)
  2725 | D:3      | Reached skill level 5 in Unarmed Combat
  2727 | D:3      | Slain by a worm

Illustrated notes

Levels and vault maps discovered:
D:1:      wander_arrival_lonely_grave, layout_loops_ring
D:2:      layout_rooms
D:3:      layout_rooms, first_ration, ebering_ghost_gozag,
          kennysheep_another_room

Skill      XL: |  1  2  3  4 |
---------------+-------------+-----
Unarmed Combat | 3 4 5 |  5.1
Fighting       | |  3.0
Dodging        | |  2.6
Stealth        | |  1.7

Action                   |  1- 3 |  4- 6 || total
-------------------------+-------+-------++-------
Melee: Unarmed           |   199 |    69 ||   268
       Punch             |     3 |     1 ||     4
  Use: Potion            |       |     3 ||     3
 Stab: Sleeping          |     4 |     1 ||     5
  Eat: Chunk             |     4 |     2 ||     6
Armor: Robe              |    43 |    16 ||    59
Dodge: Dodged            |   152 |    49 ||   201
